Workbook

Sheet Inputs
J2: Machine Cost $ | P2: Effective Yields
B3: Deposition Rate (nm / s) | C3: Target Thickness (µm) | D3: Lithium Carbonate Cost ($ / kg) | E3: Electricity Price ($ / kWh) | F3: People Required per Machine | G3: Labour Cost ($ / h) | H3: Carbon Intensity (g CO2 / kWh) | I3: Carbon Offset Cost ($ / tCO2) | J3: 1.2 m | K3: 3.0 m | L3: Depreciation Time (years) | M3: Machine Utilisation | N3: Finance % | O3: Regional Scalling Factor (vs. UK) | P3: Slitting | Q3: Cell Stacking | R3: Cell Yield
B4: 140 | C4: 17 | D4: 22 | E4: 0.207 | F4: 1.5 | G4: 20 | H4: 261.1549 | I4: =1000/0.95 -> 1052.6316 | J4: 1750000 | K4: 2275000 | L4: 7 | M4: 0.85 | N4: 5 | O4: 1 | P4: 0.92 | Q4: 0.99 | R4: 0.95

Sheet Outputs
B1: Production Scale (1.2 m) | D1: Gigafactory machine (3.0 m) | F1: Density of Lithium | G1: 0.534 | H1: g/cm^3
A2: Li2CO3 Cost / gram | B2: =($F$3/1000)*(100/99.5) -> 0.022110553 | D2: =($F$3/1000)*(100/99.5) -> 0.022110553 | F2: Li2CO3 cost ($ / kg) | G2: Price ($ / KWh) | H2: People required | I2: Labour Cost ($ / h)
A3: Li in Li2CO3 Cost/ gram | B3: =B2*(73.89/13.882) -> 0.11768828 | D3: =D2*(73.89/13.882) -> 0.11768828 | F3: =Inputs!D4 -> 22 | G3: =Inputs!E4 -> 0.207 | H3: =Inputs!F4 -> 1.5 | I3: =Inputs!G4 -> 20
A4: Cost to convert Li / Gram | B4: ='Li2CO3 Processing Cost'!I4*Inputs!O4 -> 0.11924456 | D4: ='Li2CO3 Processing Cost'!I4*Inputs!O4 -> 0.11924456
A5: Cost of Made Pure Li / g | B5: =B3+B4 -> 0.23693285 | D5: =D3+D4 -> 0.23693285
A6: Pure Li Cost / Gram | B6: =B5 -> 0.23693285 | D6: =D5 -> 0.23693285
A7: Cost Processed Lithium / Hour | B7: =$B$31*B6*(1/($G$11/100)) -> 78.439754 | D7: =$D$31*D6*(1/($H$11/100)) -> 175.96659
A8: Machine Electricity Cost / Hour | B8: =$G$9*$G$3 -> 24.561813 | D8: =H9*$G$3 -> 54.511998 | F8: Drum Width / m | G8: 1.2 | H8: 3
A9: Labour Cost / Hour | B9: =H3*I3 -> 30 | D9: =H3*I3 -> 30 | F9: Power Consumption / KWh | G9: 118.6561 | H9: 263.34299
A10: Other / Hour | B10: =(G18+G19+G20)*B17 -> 3.5571202 | D10: =(H18+H19+H20)*D17 -> 8.8928006 | F10: Width of acceptable film / m | G10: 1.2 | H10: 3
A11: Financing / Hour | B11: =G23*B27 -> 5.7038558 | D11: =H23*D27 -> 7.4150125 | F11: Deposition Efficiency % | G11: 82.920328 | H11: 92.407459
A12: General, Sales, Administration / Hour | B12: ='Fixed Costs for Overheads'!B12:C12 -> 2.0466253 | D12: ='Fixed Costs for Overheads'!D12 -> 4.5156565 | F12: Substrate Ultilisation % | G12: 100 | H12: =100*H10/H8 -> 100
A13: Variable Overhead Cost / Hour | B13: ='Fixed Costs for Overheads'!B13:C13 -> 2.9300607 | D13: ='Fixed Costs for Overheads'!D13 -> 6.4648608 | F13: Total electricity cost ($/h) | G13: =B8 -> 24.561813 | H13: =D8 -> 54.511998
A14: Depreciation Cost / Hour | B14: =B25 -> 28.538813 | D14: =D25 -> 37.100457 | F14: Total electricity cost ($/m2) | G14: =G13/B17 -> 0.81222928 | H14: =H13/D17 -> 0.72105818
A15: Total Cost ($/hour) | B15: =SUM(B7:B14) -> 175.77804 | D15: =SUM(D7:D14) -> 324.86737 | F15: Li2CO3 Cost ($/m2) | G15: =$B$31*B3*(1/($G$11/100))/B17 -> 1.2884346 | H15: =$D$31*D3*(1/($H$11/100))/D17 -> 1.1561558 | N15: 0.08551 | O15: =N15-M15 -> 0.08551 | P15: =M15/(0.99*0.95*0.92) -> 0
A16: Total weight (grams/h) | B16: =B31 -> 274.51872 | D16: =D31 -> 686.2968 | F16: Lithium Cost ($/m2) | G16: =B7/B17 -> 2.5939072 | H16: =D7/D17 -> 2.3276004 | N16: 0.05973 | O16: =N16-M16 -> 0.05973
A17: Total area (m^2/h) | B17: =B27 -> 30.24 | D17: =D27 -> 75.6 | F17: Labour Cost ($/m2) | G17: =B9/B17 -> 0.99206349 | H17: =D9/D17 -> 0.3968254 | O17: =O16+O15 -> 0.14524
A18: Cost of TE Lithium per Gram | B18: =B15/B16 -> 0.6403135 | D18: =D15/D16 -> 0.4733628 | F18: Plant Footprint Cost ($/m2) | G18: =H18 -> 0.018903132 | H18: ='BatPac Costs To Make Pack Costs'!N35*0.2052 -> 0.018903132
A19: Cost of TE Lithium / m^2 | B19: =B15/B17 -> 5.8127659 | D19: =D15/D17 -> 4.2971875 | F19: Notching Cost ($/m2) | G19: =H19 -> 0.06908663 | H19: ='BatPac Costs To Make Pack Costs'!N32*0.2052 -> 0.06908663 | O19: =M19+O17 -> 0.14524
A20: % Cost of Feedstock in COGP | B20: =B7/B15 -> 0.44624319 | D20: =D7/D15 -> 0.5416567 | F20: Dry room, service and handling costs ($/m2) | G20: =H20 -> 0.029639876 | H20: ='BatPac Costs To Make Pack Costs'!N33*0.2052 -> 0.029639876
F21: General, Sales, Administration ($/m2) | G21: =B12/B17 -> 0.067679408 | H21: =D12/D17 -> 0.059730906
F22: Variable Overhead Cost ($/m2) | G22: =B13/B17 -> 0.09689354 | H22: =D13/D17 -> 0.085514031
A23: Cost of Equipment | B23: =Inputs!J4 -> 1750000 | D23: =Inputs!K4 -> 2275000 | F23: Financing Cost ($/m2) | G23: ='Financing Cost'!H8 -> 0.18861957 | H23: ='Financing Cost'!I8 -> 0.098082177
A24: Depreciation Time (Years) | B24: =Inputs!L4 -> 7 | D24: =Inputs!L4 -> 7 | F24: Depreciation Cost ($/m2) | G24: =B14/B17 -> 0.94374381 | H24: =D14/D17 -> 0.49074678
A25: Depreciation Cost / Hour | B25: =B23/B24/24/365 -> 28.538813 | D25: =D23/D24/365/24 -> 37.100457 | F25: Total Cost ($/m2) | G25: =SUM(G14:G24)-G15 -> 5.8127659 | H25: =SUM(H14:H24)-H15 -> 4.2971875
A26: Product Area / Day (m^2) | B26: ='1.2 m R2R Machine'!D51*G12/100 -> 725.76 | D26: ='1.2 m R2R Machine'!D51*(3/1.2)*H12/100 -> 1814.4 | F26: Total Cost ($/kWh) | G26: =((G25)/0.2052)/(Inputs!P4*Inputs!Q4*Inputs!R4) -> 32.738506 | H26: =((H25)/0.2052)/(Inputs!P4*Inputs!Q4*Inputs!R4) -> 24.202505
A27: Product Area / Hour (m^2) | B27: =B26/24 -> 30.24 | D27: =D26/24 -> 75.6 | F27: Total Electricity Use (KWh / m2) | G27: =G14/G3 -> 3.9238129 | H27: =H14/G3 -> 3.4833729
A28: Target Thickness (um) | B28: =Inputs!C4 -> 17 | D28: =Inputs!C4 -> 17 | F28: Total LiOH use (Kg / m2) | G28: =G15/$F$3 -> 0.058565211 | H28: =H15/$F$3 -> 0.052552538
A29: Volume / Hour (m^3) | B29: =B27*B28/1000000 -> 0.00051408 | D29: =D27*D28/1000000 -> 0.0012852
A30: Volume / Hour (cc) | B30: =B29*1000000 -> 514.08 | D30: =D29*1000000 -> 1285.2 | F30: Carbon Offset Cost ($/m2) | G30: =G27*Inputs!H4*Inputs!I4/1000000 -> 1.0786558 | H30: =H27*Inputs!H4*Inputs!I4/1000000 -> 0.95757883
A31: Li Mass Produced / Hour (grams) | B31: =B30*$G$1 -> 274.51872 | D31: =D30*$G$1 -> 686.2968 | F31: Production Cost Carbon Offset ($/m2) | G31: =G25+G30 -> 6.8914217 | H31: =H25+H30 -> 5.2547663
F32: Production Cost Carbon Offset ($/kWh) | G32: =((G31)/0.2052)/(Inputs!P4*Inputs!Q4*Inputs!R4) -> 38.813682 | H32: =((H31)/0.2052)/(Inputs!P4*Inputs!Q4*Inputs!R4) -> 29.595755

Sheet Financing Cost
B1: CapEx ($ million) | H1: Finacing Cost
B2: 1.2 m | C2: 3.0 m | E2: Finance % | F2: Deprectaion Time (years) | H2: 1.2 m | I2: 3.0 m | Q2: Year | S2: Deprectaion Time (years) | V2: 1.2 m | W2: 3.0 m
B3: =Inputs!J4/1000000 -> 1.75 | C3: =Inputs!K4/1000000 -> 2.275 | E3: =Inputs!N4 -> 5 | F3: =S3 -> 7 | G3: Total Finacing cost ($ million) | H3: =Y3 -> 0.35 | I3: =Z3 -> 0.455 | Q3: 1 | R3: =Q3<($S$3+1) -> TRUE | S3: =Inputs!L4 -> 7 | V3: =$B$3*(($S$3-Q3+1)/$S$3)*($E$3/100) -> 0.0875 | W3: =$C$3*(($S$3-Q3+1)/$S$3)*($E$3/100) -> 0.11375 | Y3: =SUMIF(R3:R32,Q3:Q32<($S$3+1),V3:V32) -> 0.35 | Z3: =SUMIF(R3:R32,Q3:Q32<($S$3+1),W3:W32) -> 0.455
G4: Production rate (m2 h-1) | H4: =Outputs!B17 -> 30.24 | I4: =Outputs!D17 -> 75.6 | Q4: =Q3+1 -> 2 | R4: =Q4<($S$3+1) -> TRUE | V4: =$B$3*(($S$3-Q4+1)/$S$3)*($E$3/100) -> 0.075 | W4: =$C$3*(($S$3-Q4+1)/$S$3)*($E$3/100) -> 0.0975
G5: Production rate (kWh h-1) | H5: =H4*0.2052*Inputs!P4*Inputs!Q4*Inputs!R4 -> 5.3691529 | I5: =I4*0.2052*Inputs!P4*Inputs!Q4*Inputs!R4 -> 13.422882 | Q5: =Q4+1 -> 3 | R5: =Q5<($S$3+1) -> TRUE | V5: =$B$3*(($S$3-Q5+1)/$S$3)*($E$3/100) -> 0.0625 | W5: =$C$3*(($S$3-Q5+1)/$S$3)*($E$3/100) -> 0.08125
G6: Production amount (kWh) | H6: =H5*24*365.25*F3 -> 329461.96 | I6: =I5*24*365.25*F3 -> 823654.9 | Q6: =Q5+1 -> 4 | R6: =Q6<($S$3+1) -> TRUE | V6: =$B$3*(($S$3-Q6+1)/$S$3)*($E$3/100) -> 0.05 | W6: =$C$3*(($S$3-Q6+1)/$S$3)*($E$3/100) -> 0.065
G7: Financing Cost ($ kWh-1) | H7: =(H3*1000000)/H6 -> 1.0623381 | I7: =(I3*1000000)/I6 -> 0.55241582 | Q7: =Q6+1 -> 5 | R7: =Q7<($S$3+1) -> TRUE | V7: =$B$3*(($S$3-Q7+1)/$S$3)*($E$3/100) -> 0.0375 | W7: =$C$3*(($S$3-Q7+1)/$S$3)*($E$3/100) -> 0.04875
G8: Financing Cost ($ m-2) | H8: =H7*0.2052*(Inputs!P4*Inputs!Q4*Inputs!R4) -> 0.18861957 | I8: =I7*0.2052*(Inputs!P4*Inputs!Q4*Inputs!R4) -> 0.098082177 | Q8: =Q7+1 -> 6 | R8: =Q8<($S$3+1) -> TRUE | V8: =$B$3*(($S$3-Q8+1)/$S$3)*($E$3/100) -> 0.025 | W8: =$C$3*(($S$3-Q8+1)/$S$3)*($E$3/100) -> 0.0325
Q9: =Q8+1 -> 7 | R9: =Q9<($S$3+1) -> TRUE | V9: =$B$3*(($S$3-Q9+1)/$S$3)*($E$3/100) -> 0.0125 | W9: =$C$3*(($S$3-Q9+1)/$S$3)*($E$3/100) -> 0.01625
Q10: =Q9+1 -> 8 | R10: =Q10<($S$3+1) -> FALSE | V10: =$B$3*(($S$3-Q10+1)/$S$3)*($E$3/100) -> 0 | W10: =$C$3*(($S$3-Q10+1)/$S$3)*($E$3/100) -> 0
Q11: =Q10+1 -> 9 | R11: =Q11<($S$3+1) -> FALSE | V11: =$B$3*(($S$3-Q11+1)/$S$3)*($E$3/100) -> -0.0125 | W11: =$C$3*(($S$3-Q11+1)/$S$3)*($E$3/100) -> -0.01625
Q12: =Q11+1 -> 10 | R12: =Q12<($S$3+1) -> FALSE | V12: =$B$3*(($S$3-Q12+1)/$S$3)*($E$3/100) -> -0.025 | W12: =$C$3*(($S$3-Q12+1)/$S$3)*($E$3/100) -> -0.0325
Q13: =Q12+1 -> 11 | R13: =Q13<($S$3+1) -> FALSE | V13: =$B$3*(($S$3-Q13+1)/$S$3)*($E$3/100) -> -0.0375 | W13: =$C$3*(($S$3-Q13+1)/$S$3)*($E$3/100) -> -0.04875
Q14: =Q13+1 -> 12 | R14: =Q14<($S$3+1) -> FALSE | V14: =$B$3*(($S$3-Q14+1)/$S$3)*($E$3/100) -> -0.05 | W14: =$C$3*(($S$3-Q14+1)/$S$3)*($E$3/100) -> -0.065
Q15: =Q14+1 -> 13 | R15: =Q15<($S$3+1) -> FALSE | V15: =$B$3*(($S$3-Q15+1)/$S$3)*($E$3/100) -> -0.0625 | W15: =$C$3*(($S$3-Q15+1)/$S$3)*($E$3/100) -> -0.08125
Q16: =Q15+1 -> 14 | R16: =Q16<($S$3+1) -> FALSE | V16: =$B$3*(($S$3-Q16+1)/$S$3)*($E$3/100) -> -0.075 | W16: =$C$3*(($S$3-Q16+1)/$S$3)*($E$3/100) -> -0.0975
Q17: =Q16+1 -> 15 | R17: =Q17<($S$3+1) -> FALSE | V17: =$B$3*(($S$3-Q17+1)/$S$3)*($E$3/100) -> -0.0875 | W17: =$C$3*(($S$3-Q17+1)/$S$3)*($E$3/100) -> -0.11375
Q18: =Q17+1 -> 16 | R18: =Q18<($S$3+1) -> FALSE | V18: =$B$3*(($S$3-Q18+1)/$S$3)*($E$3/100) -> -0.1 | W18: =$C$3*(($S$3-Q18+1)/$S$3)*($E$3/100) -> -0.13
Q19: =Q18+1 -> 17 | R19: =Q19<($S$3+1) -> FALSE | V19: =$B$3*(($S$3-Q19+1)/$S$3)*($E$3/100) -> -0.1125 | W19: =$C$3*(($S$3-Q19+1)/$S$3)*($E$3/100) -> -0.14625
Q20: =Q19+1 -> 18 | R20: =Q20<($S$3+1) -> FALSE | V20: =$B$3*(($S$3-Q20+1)/$S$3)*($E$3/100) -> -0.125 | W20: =$C$3*(($S$3-Q20+1)/$S$3)*($E$3/100) -> -0.1625
... Q449: =Q448+1 -> 447 | R449: =Q449<($S$3+1) -> FALSE | V449: =$B$3*(($S$3-Q449+1)/$S$3)*($E$3/100) -> -5.4875 | W449: =$C$3*(($S$3-Q449+1)/$S$3)*($E$3/100) -> -7.13375

Sheet Li2CO3 Processing Cost
E3: Price ex VAT ($/g) | F3: Li in Material Cost/ gram | H3: Cost to Process Li2CO3 ($/g) in China | I3: Cost to Process Li2CO3 ($/g) in UK
D4: Li2CO3 | E4: 0.01297518 | F4: =E4*(E13/(2*E14))/(F13/100) -> 0.069410302 | H4: =F5-F4 -> 0.040239078 | I4: =H4/E21 -> 0.11924456 | K4: =I4*0.12455 -> 0.01485191 | M4: =I4*1.94005 -> 0.23134041
D5: Li | E5: 0.10964938 | F5: =E5 -> 0.10964938
E12: Molecular Mass | F12: Purity (%)
D13: Li2CO3 | E13: 73.89 | F13: 99.5
D14: Li | E14: 6.941 | F14: 100
D21: China Labor Cost Scalar | E21: 0.33745

Sheet BatPac Costs To Make Pack Costs
M2: No Anode Costs + No material costs for Electrolyte and Seperator | O2: No Anode Costs (Complete) | Q2: No Anode Costs (Except 20000 m2) | S2: No Anode Costs (Except Notching) | U2: No Anode Costs (Except Notching + Drying) | W2: No Anode Costs (Except Notching + Drying + Calandering) | Y2: No Anode Costs (Except Notching + Drying + 20000 m2) | AA2: Liquid | AC2: Solid
M3: 0.75% Financing | N3: 5.0% Financing | O3: 0.75% Financing | P3: 5.0% Financing | Q3: 0.75% Financing | R3: 5.0% Financing | S3: 0.75% Financing | T3: 5.0% Financing | U3: 0.75% Financing | V3: 5.0% Financing | W3: 0.75% Financing | X3: 5.0% Financing | Y3: 0.75% Financing | Z3: 5.0% Financing | AA3: 0.75% Financing | AB3: 5.0% Financing | AC3: 0.75% Financing | AD3: 5.0% Financing | AG3: Liquid | AH3: solid
H4: Positive active material | L4: Positive active material | M4: 48.361858 | N4: 48.361858 | O4: 48.361858 | P4: 48.361858 | Q4: 48.361858 | R4: 48.361858 | S4: 48.361858 | T4: 48.361858 | U4: 48.361858 | V4: 48.361858 | W4: 48.361858 | X4: 48.361858 | Y4: 48.361858 | Z4: 48.361858 | AA4: 48.361858 | AB4: 48.361858 | AC4: =M4 -> 48.361858 | AD4: =N4 -> 48.361858 | AF4: Positive active material | AG4: =AB4 -> 48.361858 | AH4: =AD4 -> 48.361858
H5: Negative active material | L5: Negative active material | M5: 0 | N5: 0 | O5: 0 | P5: 0 | Q5: 0 | R5: 0 | S5: 0 | T5: 0 | U5: 0 | V5: 0 | W5: 0 | X5: 0 | Y5: 0 | Z5: 0 | AA5: 8.4174279 | AB5: 8.4174279 | AC5: =(Outputs!H16/(0.2052))/(Inputs!$P$4*Inputs!$Q$4*Inputs!$R$4) -> 13.109449 | AD5: =(Outputs!H16/(0.2052))/(Inputs!$P$4*Inputs!$Q$4*Inputs!$R$4) -> 13.109449 | AF5: Negative active material | AG5: =AB5 -> 8.4174279 | AH5: =AD5 -> 13.109449
H6: Carbon additive | L6: Carbon additive | M6: 0.20442814 | N6: 0.20442814 | O6: 0.20442814 | P6: 0.20442814 | Q6: 0.20442814 | R6: 0.20442814 | S6: 0.20442814 | T6: 0.20442814 | U6: 0.20442814 | V6: 0.20442814 | W6: 0.20442814 | X6: 0.20442814 | Y6: 0.20442814 | Z6: 0.20442814 | AA6: 0.20442814 | AB6: 0.20442814 | AC6: =M6 -> 0.20442814 | AD6: =N6 -> 0.20442814 | AF6: Carbon additive | AG6: =AB6 -> 0.20442814 | AH6: =AD6 -> 0.20442814
H7: Binders | L7: Binders | M7: 0.62893169 | N7: 0.62893169 | O7: 0.62893169 | P7: 0.62893169 | Q7: 0.62893169 | R7: 0.62893169 | S7: 0.62893169 | T7: 0.62893169 | U7: 0.62893169 | V7: 0.62893169 | W7: 0.62893169 | X7: 0.62893169 | Y7: 0.62893169 | Z7: 0.62893169 | AA7: 0.62893169 | AB7: 0.62893169 | AC7: =M7 -> 0.62893169 | AD7: =N7 -> 0.62893169 | AF7: Binders | AG7: =AB7 -> 0.62893169 | AH7: =AD7 -> 0.62893169
H8: Solvents | L8: Solvents | M8: 1.2616137 | N8: 1.2616137 | O8: 1.2616137 | P8: 1.2616137 | Q8: 1.2616137 | R8: 1.2616137 | S8: 1.2616137 | T8: 1.2616137 | U8: 1.2616137 | V8: 1.2616137 | W8: 1.2616137 | X8: 1.2616137 | Y8: 1.2616137 | Z8: 1.2616137 | AA8: 1.2616137 | AB8: 1.2616137 | AC8: =M8 -> 1.2616137 | AD8: =N8 -> 1.2616137 | AF8: Solvents | AG8: =AB8 -> 1.2616137 | AH8: =AD8 -> 1.2616137
H9: Positive current collector | L9: Positive current collector | M9: 0.44364468 | N9: 0.44364468 | O9: 0.44364468 | P9: 0.44364468 | Q9: 0.44364468 | R9: 0.44364468 | S9: 0.44364468 | T9: 0.44364468 | U9: 0.44364468 | V9: 0.44364468 | W9: 0.44364468 | X9: 0.44364468 | Y9: 0.44364468 | Z9: 0.44364468 | AA9: 0.44364468 | AB9: 0.44364468 | AC9: =M9 -> 0.44364468 | AD9: =N9 -> 0.44364468 | AF9: Positive current collector | AG9: =AB9 -> 0.44364468 | AH9: =AD9 -> 0.44364468
H10: Negative current collector | L10: Negative current collector | M10: 2.8412737 | N10: 2.8412737 | O10: 2.8412737 | P10: 2.8412737 | Q10: 2.8412737 | R10: 2.8412737 | S10: 2.8412737 | T10: 2.8412737 | U10: 2.8412737 | V10: 2.8412737 | W10: 2.8412737 | X10: 2.8412737 | Y10: 2.8412737 | Z10: 2.8412737 | AA10: 2.8412737 | AB10: 2.8412737 | AC10: =M10 -> 2.8412737 | AD10: =N10 -> 2.8412737 | AF10: Negative current collector | AG10: =AB10 -> 2.8412737 | AH10: =AD10 -> 2.8412737
H11: Electrolyte + Separators | L11: Separators | M11: 0 | N11: 0 | O11: 3.3375149 | P11: 3.3375149 | Q11: 3.3375149 | R11: 3.3375149 | S11: 3.3375149 | T11: 3.3375149 | U11: 3.3375149 | V11: 3.3375149 | W11: 3.3375149 | X11: 3.3375149 | Y11: 3.3375149 | Z11: 3.3375149 | AA11: 3.3375149 | AB11: 3.3375149 | AC11: 0 | AD11: 0 | AF11: Electrolyte + Separators | AG11: =AB11+AB12 -> 5.9780609 | AH11: =AD11+AD12 -> 24.33167
H12: Additives | L12: Electrolyte | M12: 0 | N12: 0 | O12: 2.640546 | P12: 2.640546 | Q12: 2.640546 | R12: 2.640546 | S12: 2.640546 | T12: 2.640546 | U12: 2.640546 | V12: 2.640546 | W12: 2.640546 | X12: 2.640546 | Y12: 2.640546 | Z12: 2.640546 | AA12: 2.640546 | AB12: 2.640546 | AC12: 24.33167 | AD12: 24.33167 | AF12: Additives | AG12: =AD13 -> 0 | AH12: =AD13 -> 0
H13: Cell purchased items | L13: Additives | M13: 0 | N13: 0 | O13: 0 | P13: 0 | Q13: 0 | R13: 0 | S13: 0 | T13: 0 | U13: 0 | V13: 0 | W13: 0 | X13: 0 | Y13: 0 | Z13: 0 | AA13: 0 | AB13: 0 | AC13: =M13 -> 0 | AD13: =N13 -> 0 | AF13: Cell purchased items | AG13: =AB14 -> 2.3175775 | AH13: =AD14 -> 2.3175775
H14: Module purchased items | L14: Cell purchased items | M14: 2.3175775 | N14: 2.3175775 | O14: 2.3175775 | P14: 2.3175775 | Q14: 2.3175775 | R14: 2.3175775 | S14: 2.3175775 | T14: 2.3175775 | U14: 2.3175775 | V14: 2.3175775 | W14: 2.3175775 | X14: 2.3175775 | Y14: 2.3175775 | Z14: 2.3175775 | AA14: 2.3175775 | AB14: 2.3175775 | AC14: =M14 -> 2.3175775 | AD14: =N14 -> 2.3175775 | AF14: Module purchased items | AG14: =AB15 -> 7.6189145 | AH14: =AD15 -> 7.6189145
H15: Pack purchased items | L15: Module purchased items | M15: 7.6189145 | N15: 7.6189145 | O15: 7.6189145 | P15: 7.6189145 | Q15: 7.6189145 | R15: 7.6189145 | S15: 7.6189145 | T15: 7.6189145 | U15: 7.6189145 | V15: 7.6189145 | W15: 7.6189145 | X15: 7.6189145 | Y15: 7.6189145 | Z15: 7.6189145 | AA15: 7.6189145 | AB15: 7.6189145 | AC15: =M15 -> 7.6189145 | AD15: =N15 -> 7.6189145 | AF15: Pack purchased items | AG15: =AB16 -> 4.3382744 | AH15: =AD16 -> 4.3382744
H16: Battery management system | L16: Pack purchased items | M16: 4.3382744 | N16: 4.3382744 | O16: 4.3382744 | P16: 4.3382744 | Q16: 4.3382744 | R16: 4.3382744 | S16: 4.3382744 | T16: 4.3382744 | U16: 4.3382744 | V16: 4.3382744 | W16: 4.3382744 | X16: 4.3382744 | Y16: 4.3382744 | Z16: 4.3382744 | AA16: 4.3382744 | AB16: 4.3382744 | AC16: =M16 -> 4.3382744 | AD16: =N16 -> 4.3382744 | AF16: Battery management system | AG16: =AB17 -> 3.5747059 | AH16: =AD17 -> 3.5747059
H17: Total cost Materials | L17: Battery management system | M17: 3.5747059 | N17: 3.5747059 | O17: 3.5747059 | P17: 3.5747059 | Q17: 3.5747059 | R17: 3.5747059 | S17: 3.5747059 | T17: 3.5747059 | U17: 3.5747059 | V17: 3.5747059 | W17: 3.5747059 | X17: 3.5747059 | Y17: 3.5747059 | Z17: 3.5747059 | AA17: 3.5747059 | AB17: 3.5747059 | AC17: =M17 -> 3.5747059 | AD17: =N17 -> 3.5747059 | AF17: Total cost Materials | AG17: =AB18 -> 85.986711 | AH17: =AD18 -> 109.03234
H18: Total cost of direct labor | L18: Total cost Materials | M18: =SUM(M4:M17) -> 71.591222 | N18: =SUM(N4:N17) -> 71.591222 | O18: 77.569283 | P18: 77.569283 | Q18: 77.569283 | R18: 77.569283 | S18: 77.569283 | T18: 77.569283 | U18: 77.569283 | V18: 77.569283 | W18: 77.569283 | X18: 77.569283 | Y18: 77.569283 | Z18: 77.569283 | AA18: 85.986711 | AB18: 85.986711 | AC18: =SUM(AC4:AC17) -> 109.03234 | AD18: =SUM(AD4:AD17) -> 109.03234 | AF18: Total cost of direct labor | AG18: =AB19 -> 1.8173345 | AH18: =AD19 -> 3.6428465
H19: Total cost of energy | L19: Total cost of direct labor | M19: 1.556066 | N19: 1.556066 | O19: 1.556066 | P19: 1.556066 | Q19: 1.556066 | R19: 1.556066 | S19: 1.6507271 | T19: 1.6507271 | U19: 1.6639797 | V19: 1.6639797 | W19: 1.6840478 | X19: 1.6840478 | Y19: 1.6639797 | Z19: 1.6639797 | AA19: 1.8173345 | AB19: 1.8173345 | AC19: =Y19+((Outputs!H17/0.205)/Inputs!P4*Inputs!Q4*Inputs!R4) -> 3.6428465 | AD19: =Z19+((Outputs!H17/0.205)/Inputs!P4*Inputs!Q4*Inputs!R4) -> 3.6428465 | AF19: Total cost of energy | AG19: =AB20 -> 7.6198026 | AH19: =AD20 -> 11.314078
H20: Total cost of variable overhead | L20: Total cost of energy | M20: 7.1631172 | N20: 7.1631172 | O20: 7.1631172 | P20: 7.1631172 | Q20: 7.1631172 | R20: 7.1631172 | S20: 7.2002874 | T20: 7.2002874 | U20: 7.2529533 | V20: 7.2529533 | W20: 7.2606055 | X20: 7.2606055 | Y20: 7.2529533 | Z20: 7.2529533 | AA20: 7.6198026 | AB20: 7.6198026 | AC20: =Y20+((Outputs!H14/0.2052)/(Inputs!P4*Inputs!Q4*Inputs!R4)) -> 11.314078 | AD20: =Z20+((Outputs!H14/0.2052)/(Inputs!P4*Inputs!Q4*Inputs!R4)) -> 11.314078 | AF20: Total cost of variable overhead | AG20: =AB21 -> 2.4816159 | AH20: =AD21 -> 2.8020101
H21: Total cost of depreciation | L21: Total cost of variable overhead | M21: 2.2532761 | N21: 2.2532761 | O21: 2.2532761 | P21: 2.2532761 | Q21: 2.2623775 | R21: 2.2623775 | S21: 2.3008525 | T21: 2.3008525 | U21: 2.3112788 | V21: 2.3112788 | W21: 2.3265923 | X21: 2.3265923 | Y21: 2.3203802 | Z21: 2.3203802 | AA21: 2.4816159 | AB21: 2.4816159 | AC21: =Y21+((Outputs!H22/0.2052)/(Inputs!P4*Inputs!Q4*Inputs!R4)) -> 2.8020101 | AD21: =Z21+((Outputs!H22/0.2052)/(Inputs!P4*Inputs!Q4*Inputs!R4)) -> 2.8020101 | AF21: Total cost of depreciation | AG21: =AB22 -> 6.4336235 | AH21: =AD22 -> 8.7592491
H22: Total cost of general, sales, administration | L22: Total cost of depreciation | M22: 5.9219857 | N22: 5.9219857 | O22: 5.9219857 | P22: 5.9219857 | Q22: 5.9417715 | R22: 5.9417715 | S22: 5.9569273 | T22: 5.9569273 | U22: 5.9754924 | V22: 5.9754924 | W22: 6.0018375 | X22: 6.0018375 | Y22: 5.9952781 | Z22: 5.9952781 | AA22: 6.4336235 | AB22: 6.4336235 | AC22: =Y22+((Outputs!H24/0.2052)/(Inputs!P4*Inputs!Q4*Inputs!R4)) -> 8.7592491 | AD22: =Z22+((Outputs!H24/0.2052)/(Inputs!P4*Inputs!Q4*Inputs!R4)) -> 8.7592491 | AF22: Total cost of general, sales, administration | AG22: =AB23 -> 1.7327434 | AH22: =AD23 -> 1.9530504
H23: Total cost of research and development | L23: Total cost of general, sales, administration | M23: 1.5639042 | N23: 1.5639042 | O23: 1.5639042 | P23: 1.5639042 | Q23: 1.5695926 | R23: 1.5695926 | S23: 1.6031055 | T23: 1.6031055 | U23: 1.6109472 | V23: 1.6109472 | W23: 1.6225249 | X23: 1.6225249 | Y23: 1.6166356 | Z23: 1.6166356 | AA23: 1.7327434 | AB23: 1.7327434 | AC23: =Y23+((Outputs!H21/0.2052)/(Inputs!P4*Inputs!Q4*Inputs!R4)) -> 1.9530504 | AD23: =Z23+((Outputs!H21/0.2052)/(Inputs!P4*Inputs!Q4*Inputs!R4)) -> 1.9530504 | AF23: Total cost of research and development | AG23: =AB24 -> 2.2517682 | AH23: =AD24 -> 2.4347622
H24: Per unit profit | L24: Total cost of research and development | M24: 2.072695 | N24: 2.072695 | O24: 2.072695 | P24: 2.072695 | Q24: 2.07962 | R24: 2.07962 | S24: 2.0849245 | T24: 2.0849245 | U24: 2.0914223 | V24: 2.0914223 | W24: 2.1006431 | X24: 2.1006431 | Y24: 2.0983473 | Z24: 2.0983473 | AA24: 2.2517682 | AB24: 2.2517682 | AC24: =Y24+((Outputs!H21/0.2052)/(Inputs!P4*Inputs!Q4*Inputs!R4)) -> 2.4347622 | AD24: =Z24+((Outputs!H21/0.2052)/(Inputs!P4*Inputs!Q4*Inputs!R4)) -> 2.4347622 | AF24: Total cost of financing | AG24: =AB25 -> 5.3955568 | AH24: =AD25 -> 5.6055459
H25: Warranty (includes battery pack(s) only) | L25: Total cost of financing | M25: 0.74849592 | N25: 4.9899728 | O25: 0.74849592 | P25: 4.9899728 | Q25: 0.75192603 | R25: 5.0128402 | S25: 0.7524743 | T25: 5.0164954 | U25: 0.75453941 | V25: 5.0302627 | W25: 0.75735243 | X25: 5.0490162 | Y25: 0.75796951 | Z25: 5.0531301 | AA25: 0.80933351 | AB25: 5.3955568 | AC25: =Y25+((0.0147123264850849/0.2052)/(Inputs!P4*Inputs!Q4*Inputs!R4)) -> 0.84083189 | AD25: =Z25+((Outputs!H23/0.2052)/(Inputs!P4*Inputs!Q4*Inputs!R4)) -> 5.6055459 | AF25: Per unit profit | AG25: =AB26 -> 5.3955568 | AH25: =AD26 -> 5.3955568
H26: Total pack cost | L26: Per unit profit | M26: 4.9899728 | N26: 4.9899728 | O26: 4.9899728 | P26: 4.9899728 | Q26: 5.0128402 | R26: 5.0128402 | S26: 5.0164954 | T26: 5.0164954 | U26: 5.0302627 | V26: 5.0302627 | W26: 5.0490162 | X26: 5.0490162 | Y26: 5.0531301 | Z26: 5.0531301 | AA26: 5.3955568 | AB26: 5.3955568 | AC26: 5.3955568 | AD26: 5.3955568 | AF26: Warranty (includes battery pack(s) only) | AG26: =AB27 -> 6.6704239 | AH26: =AD27 -> 6.6704239
L27: Warranty (includes battery pack(s) only) | M27: 5.8149726 | N27: 6.0524953 | O27: 5.8149726 | P27: 6.0524953 | Q27: 5.8187693 | R27: 6.0573804 | S27: 5.8315643 | T27: 6.0703495 | U27: 5.8385689 | V27: 6.0780094 | W27: 5.8448265 | X27: 6.0851597 | Y27: 5.8423656 | Z27: 6.0828946 | AA27: 6.4135954 | AB27: 6.6704239 | AC27: 6.4135954 | AD27: 6.6704239 | AF27: Total pack cost | AG27: =SUM(AG4:AG26)-AG17 -> 125.78514 | AH27: =SUM(AH4:AH26)-AH17 -> 157.60986
L28: Total pack cost | M28: =SUM(M4:M27)-M18 -> 103.67571 | N28: =SUM(N4:N27)-N18 -> 108.15471 | O28: 109.65377 | P28: 114.13277 | Q28: 109.72536 | R28: 114.22489 | S28: 109.96664 | T28: 114.46945 | U28: 110.09873 | V28: 114.61389 | W28: 110.21673 | X28: 114.74873 | Y28: 110.17032 | Z28: 114.70601 | AA28: 120.94208 | AB28: 125.78514 | AC28: =SUM(AC4:AC27)-AC18 -> 152.58832 | AD28: =SUM(AD4:AD27)-AD18 -> 157.60986
M30: Anode Costs | AG30: =SUM(AG4:AG16) -> 85.986711 | AH30: =SUM(AH4:AH16) -> 109.03234
M31: 0.75% Financing | N31: 5.0% Financing | AG31: =AG30-SUM(AG13:AG16) -> 68.137238 | AH31: =AH30-SUM(AH13:AH16) -> 91.182869
L32: Notching | M32: =S28-O28 -> 0.31287286 | N32: =T28-P28 -> 0.33667948 | AG32: =SUM(AG13:AG16) -> 17.849472 | AH32: =SUM(AH13:AH16) -> 17.849472
L33: Drying | M33: =U28-S28 -> 0.13208625 | N33: =V28-T28 -> 0.14444384 | AG33: =AG32-AG16 -> 14.274766 | AH33: =AH32-AH16 -> 14.274766
L34: Calandering | M34: =W28-U28 -> 0.11800167 | N34: =X28-V28 -> 0.1348348
L35: 20000 m2 | M35: =Q28-O28 -> 0.071594771 | N35: =R28-P28 -> 0.092120525
L36: Total Graphite Anode Cost | M36: =AA28-O28 -> 11.288316 | N36: =AB28-P28 -> 11.652368

Sheet Fixed Costs for Overheads
B1: Production Scale (1.2 m) | D1: Gigafactory machine (3.0 m) | F1: Density of Lithium | G1: 0.534 | H1: g/cm^3
A2: Li2CO3 Cost / gram | B2: =($F$3/1000)*(100/99.5) -> 0.022110553 | D2: =($F$3/1000)*(100/99.5) -> 0.022110553 | F2: Li2CO3 cost ($ / kg) | G2: Price ($ / KWh) | H2: People required | I2: Labour Cost ($ / h)
A3: Li in Li2CO3 Cost/ gram | B3: =B2*(73.89/13.882) -> 0.11768828 | D3: =D2*(73.89/13.882) -> 0.11768828 | F3: 22 | G3: 0.207 | H3: 1.5 | I3: 20
A4: Cost to convert Li / Gram | B4: ='Li2CO3 Processing Cost'!I4*Inputs!O4 -> 0.11924456 | D4: ='Li2CO3 Processing Cost'!I4*Inputs!O4 -> 0.11924456
A5: Cost of Made Pure Li / g | B5: =B3+B4 -> 0.23693285 | D5: =D3+D4 -> 0.23693285 | K5: =B3 -> 0.11768828
A6: Pure Li Cost / Gram | B6: =B5 -> 0.23693285 | D6: =D5 -> 0.23693285 | K6: =K5*1000000 -> 117688.28
A7: Cost Processed Lithium / Hour | B7: =$B$31*B6*(1/($G$11/100)) -> 78.439754 | D7: =$D$31*D6*(1/($H$11/100)) -> 175.96659 | K7: =109649.38-69410.3025 -> 40239.077
A8: Machine Electricity Cost / Hour | B8: =$G$9*$G$3 -> 24.561813 | D8: =H9*$G$3 -> 54.511998 | F8: Drum Width / m | G8: 1.2 | H8: 3 | K8: =K7/1000000 -> 0.040239077
A9: Labour Cost / Hour | B9: =H3*I3 -> 30 | D9: =H3*I3 -> 30 | F9: Power Consumption / KWh | G9: 118.6561 | H9: 263.34299 | K9: =K8*(1/0.33745) -> 0.11924456
A10: Other / Hour | B10: =(G18+G19+G20)*B17 -> 3.5571202 | D10: =(H18+H19+H20)*D17 -> 8.8928006 | F10: Width of acceptable film / m | G10: 1.2 | H10: 3
A11: Financing / Hour | B11: =G23*B27 -> 5.7038558 | D11: =H23*D27 -> 7.4150125 | F11: Deposition Efficiency % | G11: 82.920328 | H11: 92.407459
A12: General, Sales, Administration / Hour | B12: =(1.39/96.62)*(B7+B8+B9+B10+B11) -> 2.0466253 | D12: =(1.39/96.62)*(D7+D8+D9+D10+D11+D14) -> 4.5156565 | F12: Substrate Ultilisation % | G12: 100 | H12: =100*H10/H8 -> 100
A13: Variable Overhead Cost / Hour | B13: =(1.99/96.62)*(B7+B8+B9+B10+B11) -> 2.9300607 | D13: =(1.99/96.62)*(D7+D8+D9+D10+D11+D14) -> 6.4648608 | F13: Total electricity cost ($/h) | G13: =B8 -> 24.561813 | H13: =D8 -> 54.511998
A14: Depreciation Cost / Hour | B14: =B25 -> 28.538813 | D14: =D25 -> 37.100457 | F14: Total electricity cost ($/m2) | G14: =G13/B17 -> 0.81222928 | H14: =H13/D17 -> 0.72105818
A15: Total Cost ($/hour) | B15: =SUM(B7:B14) -> 175.77804 | D15: =SUM(D7:D14) -> 324.86737 | F15: Li2CO3 Cost ($/m2) | G15: =$B$31*B3*(1/($G$11/100))/B17 -> 1.2884346 | H15: =$D$31*D3*(1/($H$11/100))/D17 -> 1.1561558
A16: Total weight (grams/h) | B16: =B31 -> 274.51872 | D16: =D31 -> 686.2968 | F16: Lithium Cost ($/m2) | G16: =B7/B17 -> 2.5939072 | H16: =D7/D17 -> 2.3276004
A17: Total area (m^2/h) | B17: =B27 -> 30.24 | D17: =D27 -> 75.6 | F17: Labour Cost ($/m2) | G17: =B9/B17 -> 0.99206349 | H17: =D9/D17 -> 0.3968254
A18: Cost of TE Lithium per Gram | B18: =B15/B16 -> 0.6403135 | D18: =D15/D16 -> 0.4733628 | F18: Plant Footprint Cost ($/m2) | G18: =H18 -> 0.018903132 | H18: ='BatPac Costs To Make Pack Costs'!N35*0.2052 -> 0.018903132
A19: Cost of TE Lithium / m^2 | B19: =B15/B17 -> 5.8127659 | D19: =D15/D17 -> 4.2971875 | F19: Notching Cost ($/m2) | G19: =H19 -> 0.06908663 | H19: ='BatPac Costs To Make Pack Costs'!N32*0.2052 -> 0.06908663
A20: % Cost of Feedstock in COGP | B20: =B7/B15 -> 0.44624319 | D20: =D7/D15 -> 0.5416567 | F20: Dry room, service and handling costs ($/m2) | G20: =H20 -> 0.029639876 | H20: ='BatPac Costs To Make Pack Costs'!N33*0.2052 -> 0.029639876
F21: General, Sales, Administration ($/m2) | G21: =B12/B17 -> 0.067679408 | H21: =D12/D17 -> 0.059730906
F22: Variable Overhead Cost ($/m2) | G22: =B13/B17 -> 0.09689354 | H22: =D13/D17 -> 0.085514031
A23: Cost of Equipment | B23: =Inputs!J4 -> 1750000 | D23: =Inputs!K4 -> 2275000 | F23: Financing Cost ($/m2) | G23: ='Financing Cost'!H8 -> 0.18861957 | H23: ='Financing Cost'!I8 -> 0.098082177
A24: Depreciation Time (Years) | B24: =Inputs!L4 -> 7 | D24: =Inputs!L4 -> 7 | F24: Depreciation Cost ($/m2) | G24: =B14/B17 -> 0.94374381 | H24: =D14/D17 -> 0.49074678
A25: Depreciation Cost / Hour | B25: =B23/B24/24/365 -> 28.538813 | D25: =D23/D24/365/24 -> 37.100457 | F25: Total Cost ($/m2) | G25: =SUM(G14:G24)-G15 -> 5.8127659 | H25: =SUM(H14:H24)-H15 -> 4.2971875
A26: Product Area / Day (m^2) | B26: ='1.2 m R2R Machine'!D51*G12/100 -> 725.76 | D26: ='1.2 m R2R Machine'!D51*(3/1.2)*H12/100 -> 1814.4
A27: Product Area / Hour (m^2) | B27: =B26/24 -> 30.24 | D27: =D26/24 -> 75.6 | F27: Total Electricity Use (KWh / m2) | G27: =G14/G3 -> 3.9238129 | H27: =H14/G3 -> 3.4833729
A28: Target Thickness (um) | B28: =Inputs!C4 -> 17 | D28: =Inputs!C4 -> 17 | F28: Total LiOH use (Kg / m2) | G28: =G15/$F$3 -> 0.058565211 | H28: =H15/$F$3 -> 0.052552538
A29: Volume / Hour (m^3) | B29: =B27*B28/1000000 -> 0.00051408 | D29: =D27*D28/1000000 -> 0.0012852
A30: Volume / Hour (cc) | B30: =B29*1000000 -> 514.08 | D30: =D29*1000000 -> 1285.2 | F30: Carbon Offset Cost ($/m2) | G30: =G27*Inputs!H4*Inputs!I4/1000000 -> 1.0786558 | H30: =H27*Inputs!H4*Inputs!I4/1000000 -> 0.95757883
A31: Li Mass Produced / Hour (grams) | B31: =B30*$G$1 -> 274.51872 | D31: =D30*$G$1 -> 686.2968

Sheet 1.2 m R2R Machine
A42: Time | B42: =B45/B44 -> 121.42857 | C42: Seconds
A43: Deposition Size | B43: 20 | C43: cm
A44: Deposition Rate | B44: =Inputs!B4 -> 140 | C44: nm/sec
A45: Thickness | B45: =Inputs!C4*1000 -> 17000 | C45: nm
A46: Number of Sources | B46: 6 | C46: Total Coating Width | D46: =B43*B46 -> 120 | E46: cm | F46: 1.2 | G46: m
A47: Number of Zones | B47: 5 | C47: Total Coating Length | D47: =B47*B43 -> 100 | E47: cm | F47: =D47/100 -> 1 | G47: m | O47: Machine Cost | P47: =Inputs!J4 -> 1750000
A48: web speed | B48: =(D47/100)/(B42/60) -> 0.49411765 | C48: m/min | O48: Depreciated cost over 3-7 years to a / hour cost | P48: =P47/24/365/7 -> 28.538813 | Q48: per hour
A49: Machine Utilisation | B49: =Inputs!M4 -> 0.85 | C49: per day
A50: Total Coating | G50: hours
A51: Per Day | B51: =$B$49*$B$48*60*24*B54 -> 604.8 | C51: meters | D51: =$B$51*$F$46 -> 725.76 | E51: m^2 | G51: =24 -> 24 | I51: =D51/G51 -> 30.24 | J51: m^2/hour
A52: Per Year | B52: =$B$49*$B$48*60*24*365 -> 220752 | C52: meters | D52: =$B$52*$F$46 -> 264902.4 | E52: m^2 | G52: =G51*365 -> 8760 | I52: =B45/1000/1000/1000 -> 1.7e-05 | J52: m coating thickness (m)
D53: =D51/G51 -> 30.24 | E53: m^2 per hour | I53: =I51*I52 -> 0.00051408 | J53: m^3/hour
A54: Improvemnt Factor on Rates | B54: 1 | I54: =I53*1000000 -> 514.08 | J54: cc/hour
I55: =I54*B6 -> 0 | J55: grams/hour
